 Dungeon Crawl Stone Soup version 0.21-a0-517-gd76cfe0 (webtiles) character file.

11263 Firecrotchwizard the Spear-Bearer (level 11, -19/89 HPs)
             Began as a Merfolk Skald on Dec 3, 2017.
             Was a Follower of Fedhas.
             Killed from afar by jaclynhyde's ghost (37 damage)
             ... with an iron shot
             ... on level 1 of the Lair of Beasts.
             The game lasted 01:02:23 (14972 turns).

Firecrotchwizard the Spear-Bearer (Merfolk Skald)  Turns: 14972, Time: 01:02:23

Health: -19/89     AC: 10    Str: 12    XL:     11   Next: 75%
Magic:  4/14       EV: 19    Int: 15    God:    Fedhas [*.....]
Gold:   568        SH:  5    Dex: 14    Spells: 6/14 levels left

rFire    . . .     SeeInvis .   k - +3 trident
rCold    . . .     Gourm    .   L - +0 buckler
rNeg     . . .     Faith    .   U - +0 troll leather armour {regen}
rPois    .         Spirit   .   I - +2 helmet
rElec    .         Reflect  .   u - +0 cloak
rCorr    .         Harm     .   (no gloves)
MR       .....                  (no boots)
Stlth    ++++......             (no amulet)
HPRegen  0.64/turn              K - ring of stealth {Stlth+}
MPRegen  0.14/turn              T - +2 ring of protection

@: infused, very slightly contaminated
A: change form in water, swift swim, stealthy swim
a: Fungal Bloom, Evolution, Renounce Religion


You were on level 1 of the Lair of Beasts.
You worshipped Fedhas.
Fedhas was aware of your devotion.
You were not hungry.

You visited 3 branches of the dungeon, and saw 13 of its levels.

You collected 613 gold pieces.
You spent 45 gold pieces at shops.

Inventory:

Hand Weapons
 h - a +0 blowgun
   (You took it off a kobold on level 3 of the Dungeon)
 k - a +3 trident (weapon)
   (You took it off a wight on level 8 of the Dungeon)
Missiles
 g - 5 curare-tipped needles
 r - 2 throwing nets {=f, !d}
 w - 13 poisoned needles
Armour
 u - a +0 cloak (worn)
   (You found it on level 2 of the Dungeon)
 I - a +2 helmet (worn)
   (You found it on level 7 of the Dungeon)
 L - a +0 buckler (worn)
   (You found it on level 7 of the Dungeon)
 U - a +0 troll leather armour (worn) {regen}
   (You found it on level 10 of the Dungeon)
Jewellery
 K - a ring of stealth (left hand) {Stlth+}
   (You found it on level 7 of the Dungeon)
 T - a +2 ring of protection (right hand)
   (You found it on level 11 of the Dungeon)
Wands
 a - a wand of paralysis (48)
   (You found it on level 5 of the Dungeon)
 e - a wand of disintegration (40)
   (You found it on level 5 of the Dungeon)
 E - a wand of flame (33)
   (You took it off a big kobold on level 10 of the Dungeon)
 J - a wand of iceblast (7)
   (You found it on level 7 of the Dungeon)
 P - a wand of enslavement (13)
   (You took it off Psyche on level 8 of the Dungeon)
Scrolls
 i - 5 scrolls of teleportation
 j - 5 scrolls of identify
 o - 6 scrolls of remove curse
 D - a scroll of amnesia
 F - a scroll of torment {unknown}
 H - a scroll of blinking {!r}
Potions
 b - a potion of cancellation {unknown}
 l - 2 potions of ambrosia
 m - 2 potions of magic {unknown}
 n - 7 potions of curing
 p - 3 potions of might
 q - a potion of lignification {unknown}
 t - 2 potions of haste
 v - 4 potions of agility
 x - a potion of resistance {unknown}
 z - a potion of berserk rage {unknown}
 A - 2 potions of brilliance
 G - a potion of flight {unknown}
 M - a potion of invisibility
 S - a potion of degeneration {unknown}
Books
 c - a book of Battle
 s - a Young Poisoner's Handbook
   (You found it on level 8 of the Dungeon)
 y - a book of Changes
   (You found it on level 5 of the Dungeon)
 B - a book of Frost
   (You found it on level 3 of the Dungeon)
Miscellaneous
 C - a box of beasts
Comestibles
 d - 3 bread rations {@e1}
 f - 29 fruits


   Skills:
 * Level 9.3 Fighting
 - Level 14.6 Polearms
 - Level 0.6 Armour
 * Level 11.7 Dodging
 - Level 5.1 Stealth
 - Level 4.2 Shields
 - Level 2.2 Spellcasting
 - Level 2.0 Hexes
 - Level 7.0 Charms


You had 6 spell levels left.
You knew the following spells:

 Your Spells              Type           Power        Failure   Level  Hunger
a - Infusion              Chrm           ###.         1%          1    #......
s - Shroud of Golubria    Chrm/Tloc      ##........   10%         2    ###....
z - Spectral Weapon       Hex/Chrm       ###.....     13%         3    ###....
S - Song of Slaying       Chrm           ###.....     2%          2    ###....


Dungeon Overview and Level Annotations

Branches:
Dungeon (11/15)            Temple (1/1) D:4            Lair (1/6) D:10
    Orc (0/2) D:9

Altars:
Ashenzari
Cheibriados
Dithmenos
Elyvilon
Fedhas
Gozag
Hepliaklqana
Kikubaaqudgha
Makhleb
Nemelex Xobeh
Okawaru
Qazlal
Ru
Sif Muna
Trog
Uskayaw
Vehumet
Wu Jian
Xom
Yredelemnul
Zin
The Shining One

Shops:
D:4 (   D:5 !**=   D:9 (

Annotations:
D:3 Sigmund
D:4 howech's ghost, novice GnWn
D:5 1 runed door, exclusion: Edmund, Edmund
D:7 Lliillii's ghost, novice VSFi
D:10 exclusion: 4 doors
Lair:1 jaclynhyde's ghost, journeyman GrEE


Message History

Your spectral weapon hits jaclynhyde's ghost.
Your wandering mushroom releases spores at jaclynhyde's ghost.
Your wandering mushroom closely misses jaclynhyde's ghost.
Jaclynhyde's ghost hits you!
You take 9 damage, and have 80/89 hp.
You closely miss jaclynhyde's ghost.
Your spectral weapon hits jaclynhyde's ghost!
Your wandering mushroom completely misses jaclynhyde's ghost.
You completely miss jaclynhyde's ghost.
Your spectral weapon hits jaclynhyde's ghost!
Your wandering mushroom misses jaclynhyde's ghost.
Jaclynhyde's ghost hits you!
You take 7 damage, and have 74/89 hp.
You hit jaclynhyde's ghost.
Your spectral weapon hits jaclynhyde's ghost but does no damage.
Your wandering mushroom barely misses jaclynhyde's ghost.
Your wandering mushroom closely misses jaclynhyde's ghost.
You now have 8/14 mp.
You hit jaclynhyde's ghost.
Your spectral weapon completely misses jaclynhyde's ghost.
Jaclynhyde's ghost casts a spell at you.
The blast of sand hits you!
You now have 7/14 mp.
You puncture jaclynhyde's ghost!
Your spectral weapon barely misses jaclynhyde's ghost.
Your wandering mushroom misses jaclynhyde's ghost.
Your wandering mushroom releases spores at jaclynhyde's ghost.
Jaclynhyde's ghost gestures at you while chanting.
The iron shot misses you.
You hit jaclynhyde's ghost but do no damage.
Your spectral weapon hits jaclynhyde's ghost.
Your wandering mushroom completely misses jaclynhyde's ghost.
You hit jaclynhyde's ghost but do no damage.
Your spectral weapon closely misses jaclynhyde's ghost.
Your wandering mushroom releases spores at jaclynhyde's ghost.
Jaclynhyde's ghost hits your wandering mushroom.
You miss jaclynhyde's ghost.
Your spectral weapon completely misses jaclynhyde's ghost.
Your wandering mushroom misses jaclynhyde's ghost.
Your wandering mushroom closely misses jaclynhyde's ghost.
You hit jaclynhyde's ghost.
Your spectral weapon completely misses jaclynhyde's ghost.
Jaclynhyde's ghost barely misses you.
You hit jaclynhyde's ghost but do no damage.
Your spectral weapon hits jaclynhyde's ghost but does no damage.
Your wandering mushroom completely misses jaclynhyde's ghost.
Your wandering mushroom misses jaclynhyde's ghost.
Jaclynhyde's ghost casts a spell at you.
The bolt of magma hits you!
Ouch! That really hurt!
You take 46 damage, and have 31/89 hp.
MASSIVE DAMAGE!!
You hit jaclynhyde's ghost but do no damage.
Your spectral weapon completely misses jaclynhyde's ghost.
Your wandering mushroom releases spores at jaclynhyde's ghost but does no damage.
You barely miss jaclynhyde's ghost.
Your spectral weapon completely misses jaclynhyde's ghost.
Your wandering mushroom barely misses jaclynhyde's ghost.
Jaclynhyde's ghost casts a spell at you.
The blast of sand misses you.
You barely miss jaclynhyde's ghost.
Your spectral weapon fades away.
Your wandering mushroom completely misses jaclynhyde's ghost.
Your wandering mushroom barely misses jaclynhyde's ghost.
You hit jaclynhyde's ghost!
Jaclynhyde's ghost hits you but does no damage.
You now have 7/14 mp.
You closely miss jaclynhyde's ghost.
Your wandering mushroom misses jaclynhyde's ghost.
Your wandering mushroom completely misses jaclynhyde's ghost.
You block jaclynhyde's ghost's attack.
You miscast Spectral Weapon.
You are very lightly contaminated with residual magic.
Multicoloured lights dance before your eyes!
Your wandering mushroom closely misses jaclynhyde's ghost.
Your wandering mushroom barely misses jaclynhyde's ghost.
Jaclynhyde's ghost hits you but does no damage.
You now have 4/14 mp.
You hit jaclynhyde's ghost.
Your wandering mushroom completely misses jaclynhyde's ghost.
You hit jaclynhyde's ghost.
Your wandering mushroom barely misses jaclynhyde's ghost.
Jaclynhyde's ghost hits you.
You take 3 damage, and have 31/89 hp.
You now have 3/14 mp.
You barely miss jaclynhyde's ghost.
Your wandering mushroom releases spores at jaclynhyde's ghost!
Your wandering mushroom closely misses jaclynhyde's ghost.
You hit jaclynhyde's ghost but do no damage.
Jaclynhyde's ghost says, "All of the earth is under my command."
Jaclynhyde's ghost hits you!!
* * * LOW HITPOINT WARNING * * *
You take 21 damage, and have 11/89 hp.
MASSIVE DAMAGE!!
You feel better.
Your wandering mushroom closely misses jaclynhyde's ghost.
Your wandering mushroom releases spores at jaclynhyde's ghost but does no damage.
Jaclynhyde's ghost casts a spell at you.
The iron shot hits you!
You die...
Fedhas appreciates your contribution to the ecosystem.

## ...... ...#
P.....#.#.#.... ....#
##......#.#...W.
....###......#...#.... #.
#.....#..............# #.
#.#..................# #.
.####....................#
#.
.........................!
#.
...........†@W............
#. ..........##ff........#..
#.
........##.##...........###f
....#.#.####.#####P.........
..# ##.#f##### ##........
#....## #...##.. ##.....#
#P.....#. ##......#
#########...##.
##......f###..##.# #....#.


You could see jaclynhyde's ghost and 2 friendly wandering mushrooms.

Vanquished Creatures
  3 two-headed ogres
  Pikel (D:8)
  2 spiny frogs (Lair:1)
  Grinder (D:6)
  4 blink frogs (Lair:1)
  3 wyverns
  6 yaks
  A hungry ghost (D:9)
  6 orc warriors
  A wandering mushroom (D:10)
  A phantom (D:8)
  A sky beast (D:8)
  5 ogres
  A centaur (D:9)
  A crocodile (Lair:1)
  Blork the orc (D:5)
  3 big kobolds
  9 bullfrogs
  4 scorpions
  A killer bee (D:9)
  2 troll skeletons (D:9)
  3 howler monkeys
  A wight (D:8)
  A centaur zombie (D:8)
  4 crimson imps
  2 quasits
  An orc priest (D:6)
  2 jellies
  4 bullfrog skeletons
  4 hounds
  5 centaur skeletons
  5 orc wizards
  4 worker ants
  4 ogre skeletons (D:9)
  A hound skeleton (D:9)
  A mummy (D:8)
  6 gnolls
  9 adders
  3 shadow imps
  2 oozes
  An adder zombie (D:6)
  6 adder skeletons
  3 worms
  5 dart slugs
  6 leopard geckos
  36 orcs
  A bat zombie (D:6)
  2 giant cockroaches
  7 goblins
  9 hobgoblins
  19 jackals
  19 kobolds
  2 quokkas
  6 bats
  13 frilled lizards
  3 hobgoblin skeletons (D:9)
  A jackal skeleton (D:6)
  2 leopard gecko skeletons (D:8)
  14 orc skeletons (D:9)
  3 orc zombies (D:9)
  A quokka skeleton (D:9)
  7 rats
  A rat skeleton (D:6)
  A rat zombie (D:6)
287 creatures vanquished.

Vanquished Creatures (collateral kills)
  A two-headed ogre (D:9)
  An unseen horror (D:8)
  Psyche (D:8)
  A komodo dragon (Lair:1)
  2 trolls (D:10)
  A blink frog (Lair:1)
  A hippogriff (Lair:1)
  3 yaks
  A hungry ghost (D:9)
  2 porcupines
  A black bear (D:10)
  2 orc warriors (D:9)
  A slave (D:8)
  An ogre (D:8)
  5 killer bees (D:9)
  A troll skeleton (D:9)
  A wight (D:8)
  A crimson imp (D:9)
  2 orc priests (D:9)
  A jelly (D:8)
  An iguana (D:9)
  An ogre skeleton (D:9)
  2 mummies (D:8)
  A gnoll (D:9)
  A shadow imp (D:9)
  5 orcs (D:9)
  A giant cockroach (D:8)
  A quokka (D:8)
  A goblin skeleton (D:9)
  2 hobgoblin skeletons (D:9)
  2 orc skeletons (D:9)
48 creatures vanquished.

Vanquished Creatures (others)
  18 wandering mushrooms
  2 necrophages (D:8)
  An orc wizard (D:8)
  3 fungi (D:10)
  2 plants (Lair:1)
  2 spectral weapons
  104 toadstools
132 creatures vanquished.

Grand Total: 467 creatures vanquished

Notes
Turn   | Place    | Note
-------+----------+-------------------------------------------
     0 | D:1      | Firecrotchwizard the Merfolk Skald began the quest for the Orb.
     0 | D:1      | Reached XP level 1. HP: 16/16 MP: 3/3
    65 | D:1      | Reached XP level 2. HP: 20/22 MP: 5/5
    69 | D:1      | Learned a level 2 spell: Shroud of Golubria
   437 | D:1      | Reached XP level 3. HP: 15/27 MP: 4/6
   497 | D:1      | Reached skill level 4 in Polearms
   783 | D:1      | Reached skill level 4 in Charms
  1073 | D:2      | Found a shadowy altar of Dithmenos.
  1520 | D:2      | Reached XP level 4. HP: 33/33 MP: 7/7
  1974 | D:2      | Reached skill level 5 in Polearms
  2143 | D:2      | Reached XP level 5. HP: 33/38 MP: 2/8
  2148 | D:2      | Learned a level 3 spell: Spectral Weapon
  2943 | D:3      | Reached skill level 6 in Polearms
  2943 | D:3      | Reached skill level 1 in Hexes
  2943 | D:3      | Reached skill level 5 in Charms
  3317 | D:3      | Noticed Sigmund
  3775 | D:3      | Found a burning altar of Makhleb.
  3776 | D:3      | Found a shimmering altar of Xom.
  3794 | D:3      | Reached XP level 6. HP: 44/44 MP: 0/9
  3969 | D:4      | Found an iron altar of Okawaru.
  4027 | D:4      | Found a staircase to the Ecumenical Temple.
  4033 | Temple   | Entered the Ecumenical Temple
  4079 | Temple   | Became a worshipper of Fedhas Madash
  4434 | D:4      | Reached skill level 7 in Polearms
  4434 | D:4      | Reached skill level 6 in Charms
  4434 | D:4      | Reached XP level 7. HP: 24/50 MP: 0/10
  4646 | D:4      | Found Peptutt's Weapon Boutique.
  4651 | D:4      | Reached skill level 2 in Hexes
  4683 | D:4      | Got a jewelled scale mail
  4688 | D:4      | Bought a +0 trident for 45 gold pieces
  4696 | D:4      | Learned a level 2 spell: Song of Slaying
  4716 | D:4      | Noticed howech's ghost (novice GnWn)
  4738 | D:4      | HP: 10/50 [howech's ghost (6)]
  4753 | D:4      | HP: 6/50 [howech's ghost (6)]
  4754 | D:5      | Entered Level 5 of the Dungeon
  4774 | D:5      | HP: 8/50 [quokka (2)]
  5064 | D:5      | Found an opulent altar of Gozag.
  5262 | D:5      | Found Icumaseq's Assorted Antiques.
  5267 | D:5      | Found Oxeeneum's Distillery.
  5268 | D:5      | Noticed Edmund
  5561 | D:5      | Reached skill level 8 in Polearms
  5749 | D:5      | Found Sunen's Jewellery Shoppe.
  5868 | D:5      | Noticed Blork the orc
  5918 | D:5      | Killed Blork the orc
  5918 | D:5      | Reached skill level 7 in Charms
  5994 | D:5      | Found Feafagimn's General Store.
  6327 | D:5      | Found a runed door.
  6464 | D:5      | Found a deep blue altar of Sif Muna.
  6464 | D:5      | Found a hazy altar of Hepliaklqana.
  6470 | D:5      | Found an ornate altar of the Wu Jian Council.
  6472 | D:5      | Found a basalt altar of Yredelemnul.
  6474 | D:5      | Found a stormy altar of Qazlal.
  6553 | D:5      | Found a bloodstained altar of Trog.
  6805 | D:6      | Reached skill level 9 in Polearms
  6805 | D:6      | Reached XP level 8. HP: 41/56 MP: 4/11
  7031 | D:6      | Reached skill level 3 in Dodging
  7466 | D:6      | Found a blossoming altar of Fedhas.
  7500 | D:6      | Reached skill level 10 in Polearms
  7556 | D:6      | Found an ancient bone altar of Kikubaaqudgha.
  7642 | D:6      | Reached skill level 4 in Dodging
  7719 | D:6      | Noticed Grinder
  7730 | D:6      | Killed Grinder
  7730 | D:6      | Reached skill level 11 in Polearms
  7979 | D:7      | Noticed Lliillii's ghost (novice VSFi)
  8023 | D:7      | Reached skill level 5 in Dodging
  8027 | D:7      | Reached * piety under Fedhas
  8865 | D:8      | Reached skill level 1 in Shields
  8890 | D:8      | Got a scorched ring mail
  8901 | D:8      | Identified the +0 ring mail of Yddip {+Inv} (You found it on level 8 of the Dungeon)
  8964 | D:8      | Reached skill level 12 in Polearms
  8964 | D:8      | Reached XP level 9. HP: 56/61 MP: 5/12
  8984 | D:8      | Reached skill level 2 in Shields
  9388 | D:8      | Reached skill level 3 in Shields
  9537 | D:8      | Noticed Psyche
  9554 | D:8      | Killed Psyche
  9554 | D:8      | Reached skill level 13 in Polearms
  9748 | D:8      | Noticed Pikel
  9753 | D:8      | Killed an unseen horror
  9753 | D:8      | Reached skill level 4 in Shields
  9766 | D:8      | Killed Pikel
  9766 | D:8      | Reached skill level 14 in Polearms
 10104 | D:9      | Found a white marble altar of Elyvilon.
 10104 | D:9      | Found a sacrificial altar of Ru.
 10104 | D:9      | Noticed a two-headed ogre
 10120 | D:9      | Killed a two-headed ogre
 10120 | D:9      | Reached skill level 3 in Fighting
 10120 | D:9      | Reached skill level 6 in Dodging
 10120 | D:9      | Reached skill level 2 in Stealth
 10120 | D:9      | Reached XP level 10. HP: 59/71 MP: 9/13
 10176 | D:9      | Reached skill level 4 in Fighting
 10253 | D:9      | Reached skill level 7 in Dodging
 10512 | D:9      | Found a staircase to the Orcish Mines.
 10514 | D:9      | Reached ** piety under Fedhas
 10808 | D:9      | Found Huka's Antique Weapon Shoppe.
 10830 | D:9      | Reached skill level 3 in Stealth
 10981 | D:9      | Reached skill level 5 in Fighting
 11249 | D:9      | Reached skill level 8 in Dodging
 11551 | D:9      | Reached skill level 4 in Stealth
 11584 | D:9      | Reached skill level 6 in Fighting
 11914 | D:9      | Noticed a two-headed ogre
 11925 | D:9      | Killed a two-headed ogre
 11925 | D:9      | Reached skill level 9 in Dodging
 12180 | D:10     | Entered Level 10 of the Dungeon
 12476 | D:10     | Noticed a two-headed ogre
 12490 | D:10     | Killed a two-headed ogre
 12490 | D:10     | Reached skill level 7 in Fighting
 12490 | D:10     | Reached XP level 11. HP: 84/84 MP: 9/14
 12495 | D:10     | Noticed a two-headed ogre
 12509 | D:10     | Killed a two-headed ogre
 12509 | D:10     | Reached skill level 5 in Stealth
 12526 | D:10     | Reached skill level 10 in Dodging
 12658 | D:10     | Got a crude flail
 13239 | D:10     | Reached skill level 8 in Fighting
 13338 | D:10     | Found a staircase to the Lair.
 14174 | Lair:1   | Entered Level 1 of the Lair of Beasts
 14374 | Lair:1   | Reached skill level 11 in Dodging
 14547 | Lair:1   | Reached skill level 9 in Fighting
 14821 | Lair:1   | Noticed jaclynhyde's ghost (journeyman GrEE)
 14971 | Lair:1   | HP: 11/89 [jaclynhyde's ghost (21)]
 14972 | Lair:1   | Killed from afar by jaclynhyde's ghost

Vault maps used:
D:1:      scummos_arrival_simple_crosswalls, minmay_tetromino_t2
D:2:      first_bread, grunt_dithmenos_smoke
D:3:      grunt_temple_overflow_champion_of_chaos, minivault_5,
          minmay_statues_item, uniq_sigmund
D:4:      kennysheep_mini_moat, minmay_temple_entry_enclosed_plants,
          serial_shops, nicolae_shop_waterfront
D:5:      kennysheep_little_box, chequers_temple_overflow_minitemple,
          overflow_temple_1_default, serial_shops, shop, nicolae_shop_trees,
          shop, shop_fountains, kennysheep_small_square, uniq_edmund,
          uniq_crazy_yiuf_cottage, uniq_blork_the_orc
D:6:      lemuel_zombie_altar_kikubaaqudgha, fedhas_altar_4, uniq_grinder
D:8:      serial_undead, serial_undead_b, serial_undead_a, serial_undead_a,
          serial_undead_a, serial_undead_b, uniq_pikel, uniq_psyche
D:9:      grunt_temple_overflow_open, zombieorc2_lemuel, serial_shops, shop,
          special_room, bh_walls_and_bars
D:10:     grunt_lair_entry_orc_guard_hut, kennysheep_small_spiral,
          blue_anna_alchemist
D:11:     basic_altar
Temple:   grunt_temple_mini_profane
Lair:1:   minivault_23, minivault_19, hangedman_lair_unloving_vines

Skill      XL: |  1  2  3  4  5  6  7  8  9 10 11 |
---------------+----------------------------------+-----
Polearms       | 4 5 6 7 9 12 14 | 14.6
Charms         | 4 5 6 7 |  7.0
Hexes          | 1 2 |  2.0
Dodging        | 5 6 9 11 | 11.7
Shields        | 1 4 |  4.2
Fighting       | 3 7 9 |  9.3
Stealth        | 2 4 5 |  5.1
Armour         | |  0.6
Spellcasting   | |  2.2

Action                   |  1- 3 |  4- 6 |  7- 9 | 10-12 || total
-------------------------+-------+-------+-------+-------++-------
Melee: Spear             |   132 |   290 |    16 |       ||   438
       Trident           |       |       |   428 |   514 ||   942
 Cast: Infusion          |     2 |     7 |    12 |     4 ||    25
       Shroud of Golubri |     2 |     9 |    14 |     1 ||    26
       Spectral Weapon   |       |       |    12 |     2 ||    14
       Song of Slaying   |       |       |     1 |     2 ||     3
Invok: Fungal Bloom      |       |       |    28 |    37 ||    65
       Evolution         |       |       |     7 |    16 ||    23
  Use: Scroll            |       |       |     7 |     6 ||    13
       Potion            |       |       |     1 |     1 ||     2
 Stab: Sleeping          |     5 |     1 |     3 |    13 ||    22
       Invisible         |       |     2 |       |       ||     2
       Confused          |       |       |     1 |     3 ||     4
       Distracted        |       |       |     1 |     3 ||     4
  Eat: Chunk             |     2 |    10 |     3 |    10 ||    25
       Meat ration       |       |       |     2 |       ||     2
       Bread ration      |       |       |     2 |     1 ||     3
       Royal jelly       |       |       |     1 |       ||     1
Armor: Leather armour    |    18 |    38 |    62 |       ||   118
       Robe              |       |       |       |    13 ||    13
       Troll leather arm |       |       |       |    13 ||    13
Dodge: Dodged            |    51 |   106 |   168 |   117 ||   442
Block: Buckler           |       |       |    15 |    30 ||    45

Table legend:
 A = Spawn XP
 B = Non-spawn XP
 C = Spawn XP percentage of total XP
 D = Spawn monster count
 E = Non-spawn monster count
 F = Spawn count percentage of total count
 G = Total turns spent on level
                    A         B        C        D         E        F      G
               +---------+---------+-------+---------+---------+-------+---------
         Total |       0 |   16090 |   0.0 |       0 |     333 |   0.0 | 14972
               +---------+---------+-------+---------+---------+-------+---------
           D:1 |       0 |      52 |   0.0 |       0 |      28 |   0.0 |  1244
           D:2 |       0 |     127 |   0.0 |       0 |      30 |   0.0 |  1363
           D:3 |       0 |     183 |   0.0 |       0 |      22 |   0.0 |  1156
           D:4 |       0 |     283 |   0.0 |       0 |      14 |   0.0 |   795
           D:5 |       0 |     473 |   0.0 |       0 |      18 |   0.0 |  1928
           D:6 |       0 |     843 |   0.0 |       0 |      31 |   0.0 |  1591
           D:7 |       0 |     193 |   0.0 |       0 |       7 |   0.0 |   493
           D:8 |       0 |    2367 |   0.0 |       0 |      38 |   0.0 |  1308
           D:9 |       0 |    4600 |   0.0 |       0 |      96 |   0.0 |  2195
          D:10 |       0 |    3759 |   0.0 |       0 |      30 |   0.0 |  1711
          D:11 |       0 |     694 |   0.0 |       0 |       7 |   0.0 |   296
        Lair:1 |       0 |    2516 |   0.0 |       0 |      12 |   0.0 |   696
               +---------+---------+-------+---------+---------+-------+---------

Vault maps used:
D:1:      scummos_arrival_simple_crosswalls, minmay_tetromino_t2
D:2:      first_bread, grunt_dithmenos_smoke
D:3:      grunt_temple_overflow_champion_of_chaos, minivault_5,
          minmay_statues_item, uniq_sigmund
D:4:      kennysheep_mini_moat, minmay_temple_entry_enclosed_plants,
          serial_shops, nicolae_shop_waterfront
D:5:      kennysheep_little_box, chequers_temple_overflow_minitemple,
          overflow_temple_1_default, serial_shops, shop, nicolae_shop_trees,
          shop, shop_fountains, kennysheep_small_square, uniq_edmund,
          uniq_crazy_yiuf_cottage, uniq_blork_the_orc
D:6:      lemuel_zombie_altar_kikubaaqudgha, fedhas_altar_4, uniq_grinder
D:8:      serial_undead, serial_undead_b, serial_undead_a, serial_undead_a,
          serial_undead_a, serial_undead_b, uniq_pikel, uniq_psyche
D:9:      grunt_temple_overflow_open, zombieorc2_lemuel, serial_shops, shop,
          special_room, bh_walls_and_bars
D:10:     grunt_lair_entry_orc_guard_hut, kennysheep_small_spiral,
          blue_anna_alchemist
D:11:     basic_altar
Temple:   grunt_temple_mini_profane
Lair:1:   minivault_23, minivault_19, hangedman_lair_unloving_vines

Table legend:
 A = Turns spent in this place as a percentage of turns spent in the entire game.
 B = Non-inter-level travel turns spent in this place as a percentage of non-inter-level travel turns spent in the entire game.
 C = Inter-level travel turns spent in this place as a percentage of turns spent in this place.
 D = Turns resting spent in this place as a percentage of non-inter-level travel turns spent in this place.
 E = Turns spent auto-exploring this place as a percentage of non-inter-level travel turns spent in this place.
 F = Non-inter-level travel turns spent in this place divided by the number of levels of this place that you've seen.
                   A       B       C       D       E      F
               +-------+-------+-------+-------+-------+----------------------
         Total | 100.0 | 100.0 |   3.2 |  36.2 |  40.7 | 1115.2
       Dungeon |  94.0 |  94.0 |   3.2 |  37.1 |  39.9 | 1239.4
        Temple |   1.3 |   1.2 |  13.3 |   0.0 |  97.6 | 170.0
          Lair |   4.6 |   4.8 |   0.1 |  27.6 |  43.5 | 695.0
               +-------+-------+-------+-------+-------+----------------------

Table legend:
 A = Kills in this place as a percentage of kills in entire the game.
 B = Kills by you in this place as a percentage of kills by you in the entire game.
 C = Kills by friends in this place as a percentage of kills by friends in the entire game.
 D = Other kills in this place as a percentage of other kills in the entire game.
 E = Experience gained in this place as a percentage of experience gained in the entire game.
 F = Experience gained in this place divided by the number of levels of this place that you have seen.
                   A       B       C       D       E      F
               +-------+-------+-------+-------+-------+----------------------
         Total | 100.0 | 100.0 | 100.0 |   N/A | 100.0 | 1237.7
       Dungeon |  96.4 |  97.2 |  91.5 |   N/A |  84.4 | 1234.0
          Lair |   3.6 |   2.8 |   8.5 |   N/A |  15.6 | 2516.0
               +-------+-------+-------+-------+-------+----------------------
